 Dungeon Crawl Stone Soup version 0.28-a0-850-g09de17f5b5 (webtiles) character file.

Game seed: 9639923747722603202

277 Crownlay the Sneak (level 6, -2/39 HPs)
             Began as an Octopode Brigand on Nov 13, 2021.
             Slain by a centaur (6 damage)
             ... on level 6 of the Dungeon.
             The game lasted 00:06:13 (2638 turns).

Crownlay the Sneak (Octopode Brigand)               Turns: 2638, Time: 00:06:14

Health: -2/39      AC:  1    Str: 10    XL:     6   Next: 25%
Magic:  6/6        EV: 12    Int: 14    God:
Gold:   99         SH:  0    Dex: 15    Spells: 5/5 levels left

rFire   . . .      SeeInvis .   a - +2 dagger
rCold   . . .      Faith    .   (no shield)
rNeg    . . .      Spirit   .   (helmet restricted)
rPois   .          Reflect  .   j - amulet of regeneration
rElec   .          Harm     .   (no ring)
rCorr   .          Rampage  .   (no ring)
Will    .....                   (no ring)
Stlth   ++++++....              (no ring)
HPRegen 1.13/turn               (no ring)
MPRegen 0.10/turn               (no ring)
                                (no ring)
                                (no ring)

@: no status effects
A: almost no armour, amphibious, 8 rings, camouflage 1, gelatinous body 1,
nimble swimmer 1, tentacles
a: no special abilities


You were on level 6 of the Dungeon.
You visited 1 branch of the dungeon, and saw 5 of its levels.

You collected 109 gold pieces.
You spent 10 gold pieces at shops.

Inventory:

Hand Weapons
 a - a +2 dagger (weapon)
Missiles
 b - 17 poisoned darts (quivered)
 c - 2 curare-tipped darts
Jewellery
 j - an amulet of regeneration (around mantle)
Wands
 q - a wand of iceblast (5)
Scrolls
 d - 2 scrolls of immolation
 e - a scroll of enchant armour {unknown}
 h - 2 scrolls of teleportation {unknown}
 m - a scroll of identify {unknown}
 o - a scroll of magic mapping {unknown}
 p - a scroll of blinking {unknown}
 r - a scroll of fog {unknown}
Potions
 f - a potion of brilliance {unknown}
 g - a potion of attraction {unknown}
 i - a potion of curing {unknown}
 k - a potion of magic {unknown}
 l - a potion of heal wounds {unknown}
 n - a potion of berserk rage {unknown}
 s - a potion of degeneration


   Skills:
 * Level 2.0 Fighting
 + Level 5.3 Short Blades
 - Level 2.0 Throwing
 - Level 1.0 Dodging
 + Level 7.3 Stealth


You had 5 spell levels left.
You didn't know any spells.
Your spell library contained the following spells:

 Spells                   Type           Power      Damage    Failure   Level
 Animate Skeleton         Necr           0%         N/A       28%         1
 Pain                     Necr           0%         1d4       28%         1
 Static Discharge         Conj/Air       0%         N/A       41%         2
 Vampiric Draining        Necr           0%         2d6       65%         3
 Lightning Bolt           Conj/Air       0%         1d11      100%        5
 Maxwell's Capacitive Co  Air            0%         ∞         100%        8


Dungeon Overview and Level Annotations

Branches:
Dungeon (4/15)
 Temple: D:4-7

Altars:

Shops:
D:6 !


Innate Abilities, Weirdness & Mutations

You cannot wear most types of armour.
You are amphibious.
You can wear up to eight rings at the same time.
Your skin changes colour to match your surroundings (Stealth+).
Your rubbery body absorbs attacks. (AC +1, EV +1)
You are camouflaged near water. (Stealth+)
You have tentacles for arms and can constrict up to eight enemies at once.


Message History

You kill the orc!
You hear a splash. x2
The centaur shoots an arrow.
The arrow hits you!
The centaur unwields a +0 shortbow.
The centaur barely misses you. The centaur kicks you.
Things that are here:
a +0 trident; a +0 leather armour You hit the centaur but do no damage.
The centaur barely misses you. x2
You hit the centaur but do no damage. The centaur hits you.
The centaur kicks you but does no damage.
You hit the centaur but do no damage. The centaur misses you.
The centaur kicks you but does no damage.
You hit the centaur.
The centaur is lightly wounded.
The centaur hits you.
* * * LOW HITPOINT WARNING * * *
The centaur barely misses you.
You hit the centaur.
The centaur is lightly wounded.
The centaur hits you but does no damage.
The centaur barely misses you.
You hit the centaur.
The centaur is moderately wounded.
The centaur completely misses you. The centaur kicks you.
* * * LOW HITPOINT WARNING * * *
The centaur closely misses you. The centaur misses you.
You hit the centaur.
The centaur is moderately wounded.
The centaur barely misses you.
The centaur kicks you but does no damage.
You hit the centaur but do no damage.
The centaur is moderately wounded.
The centaur hits you.
* * * LOW HITPOINT WARNING * * *
The centaur kicks you.
* * * LOW HITPOINT WARNING * * *
You hit the centaur. Your squeeze misses the centaur.
The centaur is heavily wounded.
The centaur hits you.
You die...

#.#≈≈≈≈.# ..
>.≈≈≈≈≈# . #≈≈≈≈≈#
.### #≈≈≈≈##<..
#≈≈≈≈...#
#≈≈≈≈)#.#
#≈≈≈≈)(.#
##≈≈≈c#..# ##≈≈≈@#
# #.≈≈≈≈##.##.
#.≈≈≈≈......#
#########
##≈≈≈≈≈<###.##
........#
#.≈≈≈≈≈##
#.......###.≈≈≈≈##
...........≈≈≈≈≈#
#.......#..≈≈≈≈≈#
..........≈≈≈≈≈##


You could see a centaur.

Vanquished Creatures
  A scorpion (D:6)
  An orc priest (D:6)
  An iguana (D:3)
  4 gnolls (D:3)
  4 adders
  A worm (D:2)
  16 orcs
  5 endoplasms
  3 giant cockroaches
  6 goblins
  5 hobgoblins
  2 jackals (D:3)
  8 kobolds
  A quokka (D:2)
  2 ball pythons (D:2)
  5 bats
  3 frilled lizards
  7 rats
75 creatures vanquished.

Vanquished Creatures (others)
  An orc wizard (D:6)
1 creature vanquished.

Grand Total: 76 creatures vanquished

Notes
Turn   | Place    | Note
-------+----------+-------------------------------------------
     0 | D:1      | Crownlay the Octopode Brigand began the quest for the Orb.
     0 | D:1      | Reached XP level 1. HP: 14/14 MP: 1/1
   225 | D:1      | Reached XP level 2. HP: 19/19 MP: 2/2
  1141 | D:2      | Reached XP level 3. HP: 24/24 MP: 3/3
  1402 | D:2      | Reached skill level 6 in Stealth
  1404 | D:2      | Reached XP level 4. HP: 13/29 MP: 4/4
  1746 | D:3      | Found a faded altar of an unknown god.
  1986 | D:3      | Reached XP level 5. HP: 27/34 MP: 5/5
  2542 | D:4      | You fall into a shaft and drop 2 floors!
  2542 | D:6      | Found Quxanefa's Distillery.
  2544 | D:6      | Reached skill level 5 in Short Blades
  2544 | D:6      | Reached skill level 7 in Stealth
  2544 | D:6      | Reached XP level 6. HP: 39/39 MP: 6/6
  2578 | D:6      | Bought a potion of degeneration for 10 gold pieces
  2638 | D:6      | Slain by a centaur

Illustrated notes

Levels and vault maps discovered:
D:1:      minmay_arrival_widening_spiral_wide, layout_loops_ring
D:2:      layout_basic
D:3:      layout_basic, hellmonk_ecumenical_altar_run_dry
D:4:      layout_layer_cave, gammafunk_ghost_cemetery,
          nicolae_underground_beach, uniq_menkaure, uniq_crazy_yiuf_cottage,
          uniq_pikel
D:6:      wander_river, layout_rooms, portal_sewer_entry_e, serial_shops,
          nicolae_shop_crystal, uniq_sigmund, uniq_duvessa

Skill      XL: |  1  2  3  4  5 |
---------------+----------------+-----
Short Blades   | 3 4 5 |  5.3
Stealth        | 6 7 |  7.3
Fighting       | |  2.0
Throwing       | |  2.0
Dodging        | |  1.0

Action                   |  1- 3 |  4- 6 || total
-------------------------+-------+-------++-------
Melee: Dagger            |    67 |    77 ||   144
       Constrict         |    15 |    17 ||    32
       Tentacles         |     7 |    13 ||    20
Throw: Dart              |     6 |    33 ||    39
  Use: Scroll            |     1 |       ||     1
 Stab: Sleeping          |    13 |     6 ||    19
       Distracted        |       |     1 ||     1
Armor: Skin              |     8 |     7 ||    15
Dodge: Dodged            |    28 |    51 ||    79

Table legend: (Time is in decaauts)
 A = Elapsed time spent in this place.
 B = Non-inter-level travel time spent in this place.
 C = Inter-level travel time spent in this place.
 D = Time resting spent in this place.
 E = Time spent auto-exploring this place.
 F = Levels seen in this place.
 G = Mean time per level.
                   A        B        C        D        E       F      G
               +--------+--------+--------+--------+--------+-----+--------+
         Total |   2606 |   2553 |     53 |      0 |   1947 |   5 |  521.2 |
       Dungeon |   2606 |   2553 |     53 |      0 |   1947 |   5 |  521.2 |
               +--------+--------+--------+--------+--------+-----+--------+

Top non-repeatable levels by time:
     D:1: 1103 daAuts
     D:3: 863 daAuts
     D:2: 540 daAuts
     D:6: 87 daAuts
     D:4: 11 daAuts
